 Dungeon Crawl Stone Soup version 0.17-b1-25-g6d8775f (webtiles) character file.

18414 4thArraOfDagon the Grappler (level 12, 0/94 HPs)
             Began as a Troll Summoner on Nov 5, 2015.
             Was an Elder of Cheibriados.
             Slain by a great orb of eyes (10 damage)
             ... while paralysed by a great orb of eyes
             ... on level 14 of the Dungeon.
             The game lasted 00:25:33 (4663 turns).

4thArraOfDagon the Grappler (Troll Summoner)        Turns: 4663, Time: 00:25:33

Health: 0/94       AC:  6    Str: 29    XL:     12   Next: 27%
Magic:  4/16       EV:  1    Int: 25    God:    Cheibriados [****..]
Gold:   672        SH:  0    Dex: 20    Spells: 1 memorised, 12 levels left

rFire  . . .     SeeInvis .       - Unarmed
rCold  + . .     Clarity  .     a - +0 robe
rNeg   + . .     SustAt   .     p - +0 shield
rPois  +         Gourm    +     (helmet restricted)
rElec  .         Spirit   .     o - +0 cloak
rCorr  .         Warding  .     (gloves unavailable)
rMut   .         Stasis   .     (boots unavailable)
MR     .....                    (no amulet)
Stlth  ++........               B - ring of protection from cold
                                r - ring of positive energy

@: paralysed, very slightly contaminated, very slow, not resistant to hostile
enchantments, unstealthy
A: unfitting armour, claws 3, hooves 1, fast metabolism 3, frail 2, gourmand,
poison resistance, regeneration 2, screaming 1, shaggy fur 1, tough skin 2
a: Bend Time, Temporal Distortion, Slouch, Renounce Religion


You were on level 14 of the Dungeon.
You worshipped Cheibriados.
Cheibriados was greatly pleased with you.
You were full.

You visited 2 branches of the dungeon, and saw 15 of its levels.
You also visited: Sewer.

You collected 672 gold pieces.

Inventory:

Hand Weapons
 q - the +1 blowgun "Goblinslayer" {evade, +Fly Str+3 Int+2 Stlth+}
   (You found it on level 5 of the Dungeon)

   It affects your evasion (+5 to EV).
   It affects your strength (+3).
   It affects your intelligence (+2).
   It lets you fly.
   It makes you more stealthy.
 u - a +0 blowgun
Missiles
 d - 4 large rocks (quivered)
 n - 2 javelins
 v - 14 poisoned needles
Armour
 a - a +0 robe (worn)
 o - a +0 cloak (worn)
 p - a +0 shield (worn)
 P - a troll hide
Magical Staves
 U - an uncursed staff of power {unknown}
 Y - an uncursed staff of summoning {unknown}
Jewellery
 r - a ring of positive energy (left claw)
 B - a ring of protection from cold (right claw)
Wands
 j - a wand of polymorph (8)
 E - a wand of flame (29)
 M - a wand of frost (26)
 Q - a wand of fire (2)
Scrolls
 e - 2 scrolls of remove curse {unknown}
 i - 2 scrolls of enchant weapon
 k - a scroll of amnesia {unknown}
 s - a scroll of holy word {unknown}
 t - a scroll of enchant armour {unknown}
 x - a scroll of blinking {unknown}
 C - 2 scrolls of immolation {unknown}
 G - 3 scrolls of fear {unknown}
 J - a scroll of silence {unknown}
 S - a scroll of fog {unknown}
 V - a scroll of summoning {unknown}
 W - a scroll of identify
Potions
 g - 2 potions of magic {unknown}
 h - a potion of ambrosia
 l - 2 potions of brilliance {unknown}
 m - 3 potions of cancellation {unknown}
 w - 7 potions of flight
 z - a potion of might {unknown}
 A - a potion of agility {unknown}
 D - 2 potions of haste
 N - a potion of mutation {unknown}
 R - a potion of heal wounds {unknown}
 T - a potion of resistance {unknown}
Books
 b - a book of Callings

   Spells                             Type                      Level
   a - Summon Small Mammal            Summoning                    1
   b - Call Imp                       Summoning                    2
   c - Call Canine Familiar           Summoning                    3
   d - Summon Guardian Golem          Hexes/Summoning              3
   e - Summon Lightning Spire         Summoning/Air                4
   f - Summon Ice Beast               Ice/Summoning                4
 y - a book of Burglary

   Spells                             Type                      Level
   a - Swiftness                      Charms/Air                   2
   b - Passwall                       Transmutation/Earth          3
   c - Passage of Golubria            Translocation                4
   d - Lee's Rapid Deconstruction     Earth                        5
   e - Darkness                       Hexes                        6
   f - Invisibility                   Hexes                        6
Miscellaneous
 L - a lantern of shadows
Comestibles
 c - 7 bread rations
 f - 3 meat rations
 F - 3 royal jellies
 H - 3 beef jerkies
 I - 7 slices of pizza
 K - 9 fruits


   Skills:
 + Level 7.2 Fighting
 + Level 7.3 Dodging
 - Level 1.1 Stealth
 * Level 4.9 Shields
 * Level 12.5 Unarmed Combat
 - Level 1.2 Spellcasting
 - Level 2.9 Summonings
 + Level 7.6 Invocations
 + Level 0.5 Evocations


You had 12 spell levels left.
You knew the following spells:

 Your Spells              Type           Power        Failure   Level  Hunger
a - Summon Small Mammal   Summ           ###.         12%         1    #......


Dungeon Overview and Level Annotations

Branches:
Dungeon (14/15)            Temple (1/1) D:4
   Lair: D:8-11         Orc: D:9-12      Vaults: D:13-14

Altars:
Ashenzari
Cheibriados
Fedhas
Kikubaaqudgha
Makhleb
Qazlal
Ru
Trog
Yredelemnul
Zin
The Shining One
Beogh

Shops:
D:5 }   D:6 %   D:12 [

Annotations:
D:7 Prince Ribbit
D:10 ORCS


Innate Abilities, Weirdness & Mutations

You are too large for most types of armour.
You have claws for hands.
Your metabolism is lightning-fast.
You like to eat raw meat.
You heal very quickly.
You are covered in fur (AC +1).
You have very tough skin (AC +2).
You have large cloven feet.
You are very frail (-20% HP).
Your system is resistant to poisons.
You occasionally shout uncontrollably at your foes.


Message History

The orc knight is severely wounded.
You block the orc knight's attack.
Unknown command.
Unknown command.
You claw the orc knight!
You kick the orc knight, but do no damage.
The orc knight is severely wounded.
You flicker back into view.
You block the great orb of eyes's attack.
Unknown command.
Unknown command.
You scratch the orc knight but do no damage.
You kick the orc knight, but do no damage.
The orc knight is severely wounded.
The great orb of eyes gazes at you.
You suddenly lose the ability to move!
The orc knight hits you with a great mace!
* * * LOW HITPOINT WARNING * * *
The great orb of eyes bites you!
You die...

.........#.. # #.....D..# #
............ .###... ...###.#
............ 8.... ....8
............. #88# #..#
.......####.. ###..######(.###
............. #8....8##8....8#
............. #......##......#
............. #Go##......##..#
...........## #@.##......##..#
...........# #......##......#
...........# #8..†)8##8....8#
...#.....#########÷)######..###
...#..........####..######88###
...#..........##8....8##8....8#
..............##..(...##......##
.................(..............#
..........#......##############.#


You could see an orc knight and a great orb of eyes.

Vanquished Creatures
  Maud (D:10)
  Erolcha (D:10)
  A hydra (D:14)
  Erica (D:8)
  2 skeletal warriors (D:14)
  A cyclops (D:11)
  4 hill giants
  An ugly thing (D:11)
  The ghost of Rayvis the Covert, a novice FeEn of Dithmenos (D:8)
  2 centaur zombies (D:14)
  Joseph (D:7)
  A centaur skeleton (D:14)
  A komodo dragon (D:11)
  5 trolls
  The ghost of tp1 the Thaumaturge, a novice DEWz (D:7)
  2 wyverns
  A deep elf mage (D:12)
  A vampire (D:13)
  7 yaks
  4 hungry ghosts
  Eustachio (D:4)
  A wraith (D:11)
  A human (D:7)
  2 hippogriffs
  A mottled dragon (D:14)
  Duvessa (D:7)
  5 orc warriors
  2 sky beasts (D:10)
  A water moccasin (D:6)
  5 ice beasts
  A trapdoor spider simulacrum (D:14)
  3 boggarts (D:14)
  5 ogres
  A phantom (D:5)
  2 black bears (D:10)
  A wasp (D:12)
  7 centaurs
  A crocodile (D:10)
  2 big kobolds
  8 giant frogs
  Dowan (D:7)
  A water moccasin zombie (D:8)
  2 scorpions
  8 wights
  2 jellies
  6 crimson imps
  6 orc priests
  8 orc wizards
  3 worker ants
  5 hounds
  4 sheep (D:7)
  Natasha (D:2)
  4 iguanas
  A killer bee zombie (D:11)
  8 adders
  6 river rats
  5 shadow imps
  An ooze (D:6)
  An adder zombie (D:9)
  2 worms
  4 giant geckos
  35 orcs
  5 bats
  5 giant cockroaches
  26 kobolds
  4 quokkas
  4 ball pythons
  5 giant newts
  3 jackals (D:5)
  A quokka skeleton (D:4)
  24 rats
281 creatures vanquished.

Vanquished Creatures (others)
  An orc (D:7)
  3 kobolds (D:11)
4 creatures vanquished.

Grand Total: 285 creatures vanquished

Notes
Turn   | Place    | Note
--------------------------------------------------------------
     0 | D:1      | 4thArraOfDagon the Troll Summoner began the quest for the Orb.
     0 | D:1      | Reached XP level 1. HP: 16/16 MP: 1/1
   131 | D:2      | Reached skill level 1 in Unarmed Combat
   143 | D:2      | Reached XP level 2. HP: 13/24 MP: 2/2
   154 | D:2      | Noticed Natasha
   181 | D:2      | Killed Natasha
   181 | D:2      | Reached XP level 3. HP: 18/31 MP: 0/3
   201 | D:2      | Reached skill level 3 in Unarmed Combat
   239 | D:2      | Found a burning altar of Makhleb.
   239 | D:2      | Noticed a hound
   244 | D:2      | Killed a hound
   244 | D:2      | Reached XP level 4. HP: 39/39 MP: 4/4
   269 | D:2      | Reached skill level 4 in Unarmed Combat
   325 | D:3      | Found a shattered altar of Ashenzari.
   326 | D:3      | Found a bloodstained altar of Trog.
   326 | D:3      | Found a basalt altar of Yredelemnul.
   329 | D:3      | Found a glowing golden altar of the Shining One.
   329 | D:3      | Found a sacrificial altar of Ru.
   330 | D:3      | Found a blossoming altar of Fedhas.
   342 | D:3      | You fall through a shaft for 2 floors!
   342 | D:5      | Entered Level 5 of the Dungeon
   342 | D:5      | Found a stormy altar of Qazlal.
   455 | D:5      | Got a slimy blowgun
   488 | D:4      | Found a staircase to the Ecumenical Temple.
   494 | Temple   | Entered the Ecumenical Temple
   519 | Temple   | Became a worshipper of Cheibriados the Contemplative
   548 | D:4      | Noticed Eustachio
   559 | D:4      | Killed Eustachio
   559 | D:4      | Reached skill level 1 in Fighting
   559 | D:4      | Reached skill level 5 in Unarmed Combat
   559 | D:4      | Reached skill level 1 in Invocations
   559 | D:4      | Reached XP level 5. HP: 39/48 MP: 3/5
   559 | D:4      | Reached XP level 6. HP: 44/55 MP: 3/6
   784 | D:4      | Found a roughly hewn altar of Beogh.
   868 | D:4      | Reached * piety under Cheibriados
   869 | D:4      | Found a glowing drain.
   873 | Sewer    | Entered a sewer
   954 | Sewer    | Identified the +1 blowgun "Goblinslayer" {evade, +Fly Str+3 Int+2 Stlth+} (You found it on level 5 of the Dungeon)
  1058 | Sewer    | Reached ** piety under Cheibriados
  1360 | D:3      | Reached *** piety under Cheibriados
  1466 | D:5      | Noticed a phantom
  1509 | D:5      | Reached XP level 7. HP: 57/63 MP: 7/7
  1532 | D:5      | Killed a phantom
  1532 | D:5      | Reached skill level 6 in Unarmed Combat
  1658 | D:6      | Found Tuneug's Food Shop.
  1665 | D:6      | Noticed a wyvern
  1674 | D:6      | Killed a wyvern
  1674 | D:6      | Reached XP level 8. HP: 53/74 MP: 9/9
  1691 | D:6      | Reached skill level 7 in Unarmed Combat
  1822 | D:6      | Reached **** piety under Cheibriados
  1972 | D:5      | Noticed an ice beast
  1981 | D:5      | Killed an ice beast
  1986 | D:5      | Found Siguserr's Gadget Shop.
  2010 | D:5      | Noticed a hungry ghost
  2019 | D:5      | Killed a hungry ghost
  2019 | D:5      | Reached skill level 8 in Unarmed Combat
  2118 | D:7      | Reached XP level 9. HP: 78/84 MP: 11/11
  2130 | D:7      | Noticed Duvessa
  2131 | D:7      | Noticed Dowan
  2138 | D:7      | Killed Duvessa
  2163 | D:7      | Killed Dowan
  2233 | D:7      | Noticed tp1's ghost (novice DEWz)
  2259 | D:7      | Reached ***** piety under Cheibriados
  2262 | D:7      | Noticed Joseph
  2268 | D:7      | Killed tp1's ghost
  2288 | D:7      | Killed Joseph
  2288 | D:7      | Reached skill level 9 in Unarmed Combat
  2359 | D:7      | Reached skill level 5 in Invocations
  2365 | D:7      | Reached skill level 5 in Dodging
  2404 | D:7      | Noticed Prince Ribbit
  2453 | D:8      | Noticed Rayvis's ghost (novice FeEn)
  2556 | D:8      | Killed Rayvis's ghost
  2556 | D:8      | Reached skill level 5 in Fighting
  2556 | D:8      | Reached XP level 10. HP: 94/96 MP: 11/13
  2586 | D:8      | Noticed Erica
  2679 | D:8      | Reached skill level 10 in Unarmed Combat
  2925 | D:8      | Killed Erica
  3035 | D:10     | Entered Level 10 of the Dungeon
  3077 | D:10     | Noticed Erolcha
  3077 | D:10     | Noticed Maud
  3097 | D:10     | Killed Erolcha
  3100 | D:10     | Killed Maud
  3100 | D:10     | Reached skill level 11 in Unarmed Combat
  3205 | D:10     | Gained mutation: Your spells are a little easier to cast, but a little less powerful. [mutagenic meat]
  3206 | D:10     | Lost mutation: Your spells are a little easier to cast, but a little less powerful. [mutagenic meat]
  3207 | D:10     | Gained mutation: You occasionally shout uncontrollably at your foes. [mutagenic meat]
  3209 | D:10     | Gained mutation: You are frail (-10% HP). [mutagenic meat]
  3253 | D:10     | Reached XP level 11. HP: 70/94 MP: 14/14
  3586 | D:11     | Reached skill level 1 in Shields
  3594 | D:11     | Gained mutation: You are very frail (-20% HP). [mutagenic meat]
  3595 | D:11     | Gained mutation: You have large cloven feet. [mutagenic meat]
  3597 | D:11     | Gained mutation: Your system is resistant to poisons. [mutagenic meat]
  4035 | D:12     | Noticed a hill giant
  4035 | D:12     | Noticed a hill giant
  4037 | D:12     | Killed a hill giant
  4042 | D:12     | Killed a hill giant
  4078 | D:12     | Found Duthu's Armour Shoppe.
  4114 | D:12     | Noticed a hill giant
  4124 | D:12     | Killed a hill giant
  4182 | D:13     | Noticed a hill giant
  4183 | D:13     | Reached skill level 12 in Unarmed Combat
  4186 | D:13     | Killed a hill giant
  4352 | D:13     | Noticed a skeletal warrior
  4352 | D:13     | Noticed a skeletal warrior
  4365 | D:14     | Killed a skeletal warrior
  4372 | D:14     | Reached XP level 12. HP: 65/94 MP: 16/16
  4464 | D:14     | Noticed a seven-headed hydra
  4503 | D:14     | Killed a seven-headed hydra
  4558 | D:14     | Noticed a skeletal warrior
  4572 | D:14     | Killed a skeletal warrior
  4634 | D:14     | Noticed a great orb of eyes
  4635 | D:14     | Noticed a seven-headed hydra
  4662 | D:14     | Paralysed by a great orb of eyes for 7 turns
  4663 | D:14     | Slain by a great orb of eyes

Action                   |  1- 3 |  4- 6 |  7- 9 | 10-12 || total
-------------------------+-------+-------+-------+-------++-------
Melee: Unarmed           |    48 |   256 |   232 |   391 ||   927
Throw: Javelin           |       |       |       |     4 ||     4
       Large rock        |       |       |       |     7 ||     7
 Cast: Summon Small Mamm |     2 |     1 |       |       ||     3
Invok: Bend Time         |       |       |     1 |       ||     1
       Temporal Distorti |       |       |       |     2 ||     2
       Slouch            |       |       |       |     6 ||     6
       Step From Time    |       |       |       |     1 ||     1
Evoke: Wand              |       |       |       |     3 ||     3
  Use: Scroll            |       |     5 |       |     6 ||    11
       Potion            |       |     1 |     6 |     4 ||    11
 Stab: Sleeping          |       |     3 |     1 |     3 ||     7
       Invisible         |       |       |     4 |       ||     4
       Confused          |       |       |       |     4 ||     4
       Distracted        |       |       |       |     1 ||     1
  Eat: Chunk             |     6 |     9 |    17 |    28 ||    60
       Beef jerky        |       |       |     1 |       ||     1
